 Dungeon Crawl Stone Soup version 0.29.1-4-g47bece8355 (webtiles) character file.

Game seed: 4322098750183401931

315 Haldmier the Ruffian (level 6, -1/48 HPs)
             Began as a Ghoul Brigand on Dec 4, 2022.
             Slain by a gnoll
             ... wielding a +0 spear
             ... led by a gnoll sergeant
              (3 damage)
             ... on level 3 of the Dungeon.
             The game lasted 00:09:19 (3543 turns).

Haldmier the Ruffian (Ghoul Brigand)                Turns: 3543, Time: 00:09:19

Health: -1/48      AC:  6    Str: 17    XL:     6   Next: 44%
Magic:  5/5        EV: 10    Int:  6    God:
Gold:   185        SH:  0    Dex: 10    Spells: 5/5 levels left

rFire   . . .      SeeInvis +     - Unarmed
rCold   + . .      Faith    .   (no shield)
rNeg    + + +      Spirit   .   f - +0 ring mail
rPois   ∞          Reflect  .   (no helmet)
rElec   .          Harm     .   c - +0 cloak
rCorr   .          Rampage  .   (no gloves)
Will    .....                   (no boots)
Stlth   ++........              (no amulet)
HPRegen 0.00/turn               g - ring of see invisible
MPRegen 0.09/turn               (no ring)

@: inhibited regen
A: claws 1, cold resistance 1, negative energy resistance 3, inhibited
regeneration, torment resistance 2, devour on kill
a: no special abilities


You were on level 3 of the Dungeon.
You visited 1 branch of the dungeon, and saw 4 of its levels.

You collected 185 gold pieces.

Inventory:

Missiles
 d - 8 poisoned darts
 e - 3 curare-tipped darts
 h - 2 boomerangs
 k - 42 stones (quivered)
 t - 5 javelins
Armour
 b - a +0 robe
 c - a +0 cloak (worn)
 f - a +0 ring mail (worn)
Jewellery
 g - a ring of see invisible (left claw)
Scrolls
 j - a scroll of fear {unknown}
 l - a scroll of vulnerability
 m - a scroll of blinking {unknown}
 o - a scroll of enchant weapon {unknown}
 p - a scroll of teleportation {unknown}
 u - a scroll of enchant armour {unknown}
Potions
 a - a potion of attraction {unknown}
 i - 3 potions of curing
 n - a potion of berserk rage {unknown}
 q - a potion of cancellation {unknown}
 r - a potion of ambrosia {unknown}
 s - a potion of might {unknown}


   Skills:
 - Level 2.1 Fighting
 - Level 1.7 Short Blades
 - Level 1.7 Throwing
 - Level 0.8 Dodging
 - Level 4.3 Stealth
 + Level 6.8 Unarmed Combat


You had 5 spell levels left.
You didn't know any spells.
Your spell library contained the following spells:

 Spells                   Type           Power      Damage    Failure   Level
 Foxfire                  Conj/Fire      0%         2x1d4     67%         1
 Shock                    Conj/Air       0%         1d3       67%         1
 Conjure Flame            Conj/Fire      0%         6-21      95%         3
 Inner Flame              Hex/Fire       0%         N/A       95%         3
 Swiftness                Air            0%         N/A       95%         3
 Airstrike                Air            0%         2d(0-16)  100%        4
 Flame Wave               Conj/Fire      0%         2d4       100%        4
 Petrify                  Tmut/Erth      0%         N/A       100%        4
 Irradiate                Conj/Tmut      0%         3d11      100%        5
 Sublimation of Blood     Necr           Unusable   N/A       N/A         2

Dungeon Overview and Level Annotations

Branches:
Dungeon (4/15)
 Temple: D:4-7

Altars:
Cheibriados

Shops:
D:2 *

Annotations:
D:3 Grinder


Innate Abilities, Weirdness & Mutations

You are immune to poison.
You have sharp fingernails.
Your flesh is cold resistant. (rC+)
You are immune to negative energy. (rN+++)
You do not regenerate when monsters are visible.
You are immune to unholy pain and torment.
You thrive by killing the living.


Message History

The hobgoblin is moderately wounded.
The hobgoblin misses you.
You barely miss the hobgoblin.
The hobgoblin is moderately wounded.
You scratch the hobgoblin but do no damage.
The hobgoblin is moderately wounded.
The hobgoblin closely misses you.
You scratch the hobgoblin.
You kill the hobgoblin!
n - an inky potion
There is a stone staircase leading up here.
You climb upwards.
Level annotation: Grinder
There is a stone staircase leading down here.
The gnoll shouts!
You hear a shout! x2
The gnoll hits you but does no damage. The gnoll barely misses you.
The gnoll sergeant hits you with a +0 trident of flaming!
The gnoll sergeant burns you. The gnoll misses you.
You scratch the gnoll sergeant.
The gnoll sergeant is lightly wounded.
The gnoll completely misses you. The gnoll sergeant misses you.
The gnoll hits you with a +0 spear.
You claw the gnoll sergeant!
You claw the gnoll sergeant, but do no damage.
The gnoll sergeant is heavily wounded.
The gnoll closely misses you. The gnoll hits you with a +0 spear.
The gnoll sergeant hits you with a +0 trident of flaming!
* * * LOW HITPOINT WARNING * * *
The gnoll sergeant burns you.
* * * LOW HITPOINT WARNING * * *
You closely miss the gnoll sergeant.
The gnoll sergeant is heavily wounded.
The gnoll barely misses you.
The gnoll sergeant hits you with a +0 trident of flaming!
* * * LOW HITPOINT WARNING * * *
The gnoll sergeant burns you.
* * * LOW HITPOINT WARNING * * *
The gnoll hits you with a +0 spear.
You die...

.# . ..##.# .# ...
g....# .# ....
....#### ...#
.......# .. #
#......# ...#5...####
#)#....#
#..........###.#....#
##...#####.....ggg..#
.......#....#..#@...#
...#.#...##...##....#
.....#......####....#
..##.gg##..## #....#
.....).....# #>...#
..#.g.<)...# ######
........##.#
..##....####
..##....#


You could see a gnoll sergeant and 2 gnolls.

Vanquished Creatures
  A black bear (D:4)
  A jelly (D:4)
  An orc priest (D:2)
  Natasha (D:3)
  2 gnolls
  4 adders
  2 worms (D:2)
  3 dart slugs
  3 orcs
  8 ball pythons
  7 endoplasms
  4 giant cockroaches
  7 goblins
  4 hobgoblins
  A jackal (D:4)
  6 kobolds
  A quokka (D:1)
  6 bats
  2 frilled lizards (D:1)
  7 rats
71 creatures vanquished.

Vanquished Creatures (others)
  39 plants (D:3)
39 creatures vanquished.

Grand Total: 110 creatures vanquished

Notes
Turn   | Place    | Note
-------+----------+-------------------------------------------
     0 | D:1      | Haldmier the Ghoul Brigand began the quest for the Orb.
     0 | D:1      | Reached XP level 1. HP: 17/17 MP: 0/0
    76 | D:1      | Reached skill level 1 in Unarmed Combat
   105 | D:1      | Reached XP level 2. HP: 21/24 MP: 1/1
   202 | D:1      | Reached skill level 2 in Unarmed Combat
   429 | D:1      | Found a faded altar of an unknown god.
   525 | D:1      | Reached XP level 3. HP: 29/29 MP: 2/2
   649 | D:1      | Reached skill level 3 in Unarmed Combat
  1382 | D:2      | Found Luryt's General Store.
  1559 | D:2      | Reached XP level 4. HP: 32/36 MP: 3/3
  1654 | D:2      | Reached skill level 4 in Unarmed Combat
  2348 | D:3      | Noticed Grinder
  2479 | D:3      | Noticed Natasha
  2488 | D:3      | Killed Natasha
  2589 | D:3      | Reached XP level 5. HP: 40/41 MP: 4/4
  2667 | D:3      | Reached skill level 5 in Unarmed Combat
  3362 | D:4      | Noticed a black bear
  3381 | D:4      | Killed a black bear
  3382 | D:4      | Reached skill level 6 in Unarmed Combat
  3382 | D:4      | Reached XP level 6. HP: 44/48 MP: 5/5
  3456 | D:4      | Found a snail-covered altar of Cheibriados.
  3543 | D:3      | HP: 2/48 [gnoll sergeant/+0 trident of flaming (3)]
  3543 | D:3      | Slain by a gnoll

Illustrated notes

Levels and vault maps discovered:
D:1:      dpeg_arrival_arbitrary_c, layout_loops_corners,
          hellmonk_ecumenical_altar_pennies_from_heaven, minmay_tetromino_l2
D:2:      layout_basic, serial_shops, shop_statue, hex_intersection
D:3:      layout_rooms, grunt_temple_overflow_champion_of_chaos,
          serial_bayou_lagoon_a, hangedman_glass_teeth, uniq_natasha,
          uniq_grinder
D:4:      layout_rooms, lemuel_crystal_altar, uniq_pargi

Skill      XL: |  1  2  3  4  5 |
---------------+----------------+-----
Unarmed Combat | 1 2 3 4 6 |  6.8
Fighting       | |  2.1
Short Blades   | |  1.7
Throwing       | |  1.7
Dodging        | |  0.8
Stealth        | |  4.3

Action                   |  1- 3 |  4- 6 || total
-------------------------+-------+-------++-------
Melee: Dagger            |   114 |     9 ||   123
       Punch             |     4 |     8 ||    12
       Unarmed           |       |   108 ||   108
Throw: Dart              |     1 |     6 ||     7
       Stone             |       |     3 ||     3
  Use: Scroll            |       |     4 ||     4
 Stab: Sleeping          |     7 |     1 ||     8
Armor: Ring mail         |    39 |    38 ||    77
Dodge: Dodged            |    65 |    58 ||   123
